 Dungeon Crawl Stone Soup version 0.24-a0-458-gfcb5e6da0e (webtiles) character file.

Game seed: 7426202390197657396

10371 KristoblXynda the Fighter (level 11, -5/99 HPs)
             Began as a Pale Draconian Gladiator on June 27, 2019.
             Was an Initiate of Gozag.
             Slain by an eight-headed hydra (12 damage)
             ... on level 10 of the Dungeon.
             The game lasted 00:17:34 (11468 turns).

KristoblXynda the Fighter (DrGl)                   Turns: 11468, Time: 00:17:37

Health: -5/99      AC:  8    Str: 18    XL:     11   Next: 35%
Magic:  17/17      EV: 16    Int: 11    God:    Gozag
Gold:   1548       SH:  8    Dex: 12    Spells: 13/18 levels left

rFire    . . .     SeeInvis +   a - +1 long sword
rCold    . . .     Gourm    .   w - +0 buckler
rNeg     + . .     Faith    .   (armour unavailable)
rPois    .         Spirit   .   b - +1 hat
rElec    .         Reflect  +   (no cloak)
rCorr    .         Harm     .   (no gloves)
MR       .....                  (no boots)
Stlth    +.........             e - +3 amulet of reflection
HPRegen  0.26/turn              n - ring of positive energy
MPRegen  0.15/turn              y - ring of see invisible

@: no status effects
A: breathe steam, unfitting armour, cold-blooded, AC +7
a: Breathe Steam, Potion Petition, Call Merchant, Bribe Branch, Renounce
Religion


You were on level 10 of the Dungeon.
You worshipped Gozag.
Gozag was most pleased with you.
You were not hungry.

You visited 2 branches of the dungeon, and saw 11 of its levels.

You collected 1616 gold pieces.
You paid 68 gold pieces to Gozag.

Inventory:

Hand Weapons
 a - a +1 long sword (weapon)
Missiles
 c - 4 throwing nets (quivered)
Armour
 b - a +1 hat (worn)
 w - a +0 buckler (worn)
Magical Staves
 A - an uncursed staff of conjuration
Jewellery
 e - a +3 amulet of reflection (around neck)
 n - a ring of positive energy (left hand)
 r - an uncursed ring of wizardry
 y - a ring of see invisible (right hand)
Wands
 i - a wand of flame (13)
 u - a wand of paralysis (4)
 B - a wand of disintegration (3)
Scrolls
 f - 3 scrolls of remove curse
 g - a scroll of fog {unknown}
 j - a scroll of enchant weapon
 l - 7 scrolls of teleportation
 p - 2 scrolls of amnesia
 x - a scroll of enchant armour
 z - 2 scrolls of magic mapping
 C - a scroll of silence
Potions
 h - a potion of invisibility {unknown}
 k - 4 potions of curing
 m - 4 potions of mutation
 o - 2 potions of heal wounds
 q - 2 potions of flight {unknown}
 s - 3 potions of brilliance
 t - 2 potions of agility
 v - 2 potions of might {unknown}
 D - 2 potions of ambrosia {unknown}
 E - 2 potions of haste {unknown}
Comestibles
 d - 20 rations


   Skills:
 - Level 10.0 Fighting
 + Level 9.2 Long Blades
 - Level 2.0 Throwing
 + Level 7.9 Dodging
 - Level 5.1 Shields
 + Level 4.2 Spellcasting
 + Level 1.6 Earth Magic
 + Level 7.7 Evocations


You had 13 spell levels left.
You knew the following spells:

 Your Spells              Type           Power        Failure   Level  Hunger
a - Lee's Rapid Deconstr  Erth           #.........   97%         5    ######.

Your spell library contained the following spells:

 Spells                   Type           Power        Failure   Level  Hunger
 Sandblast                Erth           #.....       12%         1    #......
 Passwall                 Tmut/Erth      #.......     26%         2    ##.....
 Stone Arrow              Conj/Erth      #.....       45%         3    ###....
 Petrify                  Tmut/Erth      #.......     86%         4    #####..


Dungeon Overview and Level Annotations

Branches:
Dungeon (10/15)            Temple (1/1) D:7
   Lair: D:8-11         Orc: D:9-12

Altars:
Ashenzari
Cheibriados
Dithmenos
Elyvilon
Fedhas
Gozag
Hepliaklqana
Kikubaaqudgha
Makhleb
Nemelex Xobeh
Okawaru
Qazlal
Ru
Sif Muna
Trog
Uskayaw
Vehumet
Wu Jian
Xom
Yredelemnul
Zin
The Shining One

Annotations:
D:10 1 runed translucent door


Innate Abilities, Weirdness & Mutations

You can breathe blasts of scalding, opaque steam.
Your pale cyan-grey scales are hard. (AC +7)
You cannot fit into any form of body armour.
You are cold-blooded and may be slowed by cold attacks.


Message History

The eight-headed hydra closely misses you.
The eight-headed hydra bites you but does no damage.
The eight-headed hydra bites you!
* * * LOW HITPOINT WARNING * * *
Unknown command.
Okay, then.
The hippogriff screeches!
You feel much better. The eight-headed hydra bites you.
* * * LOW HITPOINT WARNING * * *
The eight-headed hydra bites you but does no damage.
The eight-headed hydra bites you!
* * * LOW HITPOINT WARNING * * *
You block the eight-headed hydra's attack.
The eight-headed hydra bites you but does no damage.
The eight-headed hydra bites you!
* * * LOW HITPOINT WARNING * * *
The eight-headed hydra barely misses you.
The eight-headed hydra bites you!
You die...
Your body crumbles into a pile of gold.

............###
#...
.#####....#...#...#
# .#
#...###....###..#
.#
#..###...###..###
.#
#.##...###..###[#
## ^#
#..#[###..###...#
#. .#
#...).....+H....#
#W### .#
###..###..###Y..#
#.#ยง# .# ##..
###.@###R# ##W#.#
#... ###Dc###
#(#.## # .....
###.W###c### #..
...... ###l.#.#
#...# ........
##..##(..#
.....#### ###...#
###...# #...# #..


You could see an eight-headed hydra, a centaur warrior, a hippogriff, a basilisk
and a wraith.

Vanquished Creatures
  Harold (D:7)
  A two-headed ogre (D:8)
  A cyclops (D:10)
  A gargoyle (D:10)
  A freezing wraith (D:10)
  A kobold demonologist (D:8)
  A troll (D:9)
  Grinder (D:5)
  A wyvern (D:10)
  Eustachio (D:4)
  14 yaks
  Edmund (D:4)
  2 water moccasins
  2 orc warriors (D:9)
  3 black bears (D:7)
  4 sky beasts
  An eye of draining (D:9)
  An ice beast (D:7)
  2 phantoms
  4 ogres
  3 centaurs
  10 big kobolds
  Blork the orc (D:4)
  A wyvern zombie (D:6)
  4 bullfrogs
  A scorpion (D:7)
  4 wights (D:10)
  An electric eel (D:7)
  A howler monkey (D:5)
  3 centaur zombies
  A crimson imp (D:7)
  8 orc priests
  6 hounds
  4 jellies
  2 centaur skeletons (D:6)
  3 iguanas
  Natasha (thrice) (D:2)
  5 orc wizards
  6 worker ants
  4 gnolls
  14 adders
  A howler monkey skeleton (D:8)
  A hound simulacrum (D:10)
  2 shadow imps
  3 oozes
  2 adder skeletons
  6 worms
  2 dart slugs (D:1)
  4 leopard geckos
  41 orcs
  5 bats
  6 giant cockroaches
  16 goblins
  8 hobgoblins
  3 quokkas
  A ball python (D:2)
  9 frilled lizards
  A jackal skeleton (D:4)
  19 kobolds
  A quokka skeleton (D:4)
  A quokka zombie (D:9)
  12 rats
273 creatures vanquished.

Vanquished Creatures (others)
  2 centaurs (D:9)
  An ogre (D:4)
  2 hounds (D:4)
  A worker ant (D:4)
  A dart slug (D:4)
  A leopard gecko (D:4)
  A frilled lizard (D:4)
9 creatures vanquished.

Grand Total: 282 creatures vanquished

Notes
Turn   | Place    | Note
-------+----------+-------------------------------------------
     0 | D:1      | KristoblXynda the Draconian Gladiator began the quest for
                  | the Orb.
     0 | D:1      | Reached XP level 1. HP: 17/17 MP: 1/1
    79 | D:1      | Reached XP level 2. HP: 22/25 MP: 2/2
   302 | D:1      | Reached XP level 3. HP: 30/30 MP: 3/3
   599 | D:2      | Reached skill level 3 in Fighting
   612 | D:2      | Reached XP level 4. HP: 32/38 MP: 4/4
   972 | D:2      | Noticed Natasha
   989 | D:2      | Killed Natasha
  1110 | D:2      | Noticed Natasha
  1115 | D:2      | Killed Natasha
  1115 | D:2      | Reached XP level 5. HP: 44/45 MP: 5/5
  1215 | D:2      | Noticed Natasha
  1224 | D:2      | Killed Natasha
  1384 | D:2      | Found a burning altar of Makhleb.
  1976 | D:3      | Found a hide-covered altar of Uskayaw.
  2305 | D:3      | Noticed an ogre
  2369 | D:3      | Reached skill level 5 in Long Blades
  2401 | D:3      | Killed an ogre
  2401 | D:3      | Reached skill level 4 in Fighting
  2401 | D:3      | Reached XP level 6. HP: 23/52 MP: 6/6
  2840 | D:3      | Found an ornate altar of the Wu Jian Council.
  3008 | D:4      | Reached skill level 1 in Evocations
  3042 | D:4      | Your scales start taking on a pale cyan-grey colour.
  3042 | D:4      | Reached XP level 7. HP: 19/60 MP: 7/7
  3370 | D:4      | Reached skill level 1 in Shields
  3374 | D:4      | Noticed Blork the orc
  3377 | D:4      | Reached skill level 5 in Fighting
  3379 | D:4      | Killed Blork the orc
  3593 | D:4      | Noticed Eustachio
  3606 | D:4      | Killed Eustachio
  3623 | D:4      | You fall into a shaft and drop 3 floors!
  3639 | D:7      | Reached XP level 8. HP: 63/70 MP: 9/9
  3864 | D:7      | Noticed Harold
  3888 | D:7      | Killed Harold
  3888 | D:7      | Reached skill level 7 in Fighting
  3888 | D:7      | Reached skill level 5 in Dodging
  4201 | D:7      | Reached XP level 9. HP: 76/79 MP: 10/12
  4215 | D:7      | Found an ancient bone altar of Kikubaaqudgha.
  4287 | D:7      | Found a hazy altar of Hepliaklqana.
  4459 | D:7      | Found a sparkling altar of Nemelex Xobeh.
  4721 | D:7      | Found a white marble altar of Elyvilon.
  4772 | D:7      | Found a staircase to the Ecumenical Temple.
  4811 | D:7      | Reached skill level 8 in Fighting
  4881 | Temple   | Entered the Ecumenical Temple
  4914 | Temple   | Became a worshipper of Gozag Ym Sagoz the Greedy
  5523 | D:6      | Learned a level 5 spell: Lee's Rapid Deconstruction
  6012 | D:6      | Found a glowing golden altar of the Shining One.
  6038 | D:5      | Entered Level 5 of the Dungeon
  6193 | D:5      | Reached skill level 5 in Evocations
  6217 | D:5      | Noticed Grinder
  6234 | D:5      | Killed Grinder
  6300 | D:5      | Found a shattered altar of Ashenzari.
  6354 | D:5      | Reached skill level 5 in Shields
  6555 | D:5      | Found a stormy altar of Qazlal.
  7108 | D:4      | Found a shimmering altar of Xom.
  7184 | D:4      | Noticed Edmund
  7228 | D:4      | Killed Edmund
  7607 | D:4      | Found a stormy altar of Qazlal.
  8036 | D:8      | Reached XP level 10. HP: 90/90 MP: 14/14
  8548 | D:8      | Noticed a two-headed ogre
  8951 | D:8      | Killed a two-headed ogre
  8951 | D:8      | Reached skill level 9 in Fighting
  8951 | D:8      | Reached skill level 1 in Spellcasting
  9085 | D:8      | Noticed a soul eater
  9774 | D:9      | Found an iron altar of Okawaru.
 10068 | D:9      | Identified the +10 war axe of Forced Transition {chop,
                  | rPois MR+}
 10097 | D:9      | Reached XP level 11. HP: 40/99 MP: 16/16
 10272 | D:9      | Found a snail-covered altar of Cheibriados.
 10575 | D:10     | Entered Level 10 of the Dungeon
 10727 | D:10     | Reached skill level 10 in Fighting
 10984 | D:10     | Reached skill level 1 in Earth Magic
 10996 | D:10     | Found a runed translucent door.
 11148 | D:10     | Noticed a rakshasa
 11450 | D:10     | Noticed a centaur warrior
 11456 | D:10     | Noticed an eight-headed hydra
 11468 | D:10     | Slain by an eight-headed hydra

Levels and vault maps discovered:
D:1:      eino_arrival_water_cross, layout_rooms
D:2:      layout_rooms, lightli_temple_of_fire, uniq_natasha
D:3:      layout_loops_ring, lemuel_coloured_pillars_altar,
          eat_drink_and_be_merry_uskayaw, minmay_ogre_servants
D:4:      layout_loops_ring, xom_confusion_cloud, grunt_qazlal_clouds,
          grunt_decor_arrowhead, minmay_starry_boxes, uniq_edmund,
          uniq_blork_the_orc, uniq_eustachio
D:5:      layout_gridville, cheibrodos_ashenzari_chains, first_ration,
          basic_altar, uniq_grinder
D:6:      layout_cave_pools, nicolae_overflow_hidden_temple
D:7:      cheibrodos_helix_gallery, layout_basic, lemuel_round_altar,
          lemuel_round_altar, old_standard_altar, lemuel_doored_altar,
          temple_statues, uniq_harold
D:8:      layout_basic, special_room [special_room_kobold]
D:9:      layout_long_grid, nicolae_overflow_crystal_walls, cheibriados_altar_1
D:10:     minmay_the_grid_triangle_9x9_recursive_2
          [minmay_the_grid_triangle_9x9_prize_special,
          minmay_the_grid_triangle_9x9_steps,
          minmay_the_grid_triangle_9x9_thin_v,
          minmay_the_grid_triangle_9x9_subtriangle], layout_layer_cave,
          serial_shops, shop_coins, blue_anna_alchemist [blue_anna_fruit_fields,
          blue_anna_fruit_fields], minmay_misc_feat_columns, dk_rats_in_the_wall
Temple:   compressed_dpeg_triangle_lava_temple

Skill      XL: |  1  2  3  4  5  6  7  8  9 10 11 |
---------------+----------------------------------+-----
Throwing       | 2 |  2.0
Dodging        | 3 4 5 6 7 |  7.9
Fighting       | 3 4 5 7 8 9 10 | 10.0
Long Blades    | 4 5 6 7 8 9 |  9.2
Evocations     | 1 2 4 5 7 |  7.7
Shields        | 2 3 5 |  5.1
Spellcasting   | 3 4 |  4.2
Earth Magic    | 1 |  1.6

Action                   |  1- 3 |  4- 6 |  7- 9 | 10-12 || total
-------------------------+-------+-------+-------+-------++-------
Melee: Long sword        |    50 |   213 |   276 |   305 ||   844
       Tailslap          |     9 |    36 |    52 |    67 ||   164
Throw: Dart              |     4 |     5 |     1 |       ||    10
       Throwing net      |       |       |       |     1 ||     1
 Abil: Breathe Steam     |       |       |    28 |    28 ||    56
Evoke: Wand              |       |       |       |     6 ||     6
  Use: Scroll            |       |     6 |     8 |     3 ||    17
       Potion            |       |       |     1 |     1 ||     2
 Stab: Sleeping          |     1 |     1 |     1 |     3 ||     6
       Paralysed         |       |       |       |     6 ||     6
       Distracted        |       |       |       |     3 ||     3
  Eat: Chunk             |       |     7 |     8 |       ||    15
       Ration            |       |       |     4 |     4 ||     8
Armor: Skin              |    11 |    52 |    55 |    47 ||   165
Dodge: Dodged            |    42 |   130 |   133 |   189 ||   494
Block: Other             |       |    26 |     3 |       ||    29
       Buckler           |       |       |    86 |   102 ||   188
       Reflection        |       |       |     3 |    13 ||    16
       Rpst.: Long sword |    16 |    46 |    45 |    52 ||   159

Table legend:
 A = Non-vault XP
 B = Vault XP
 C = Vault XP percentage of total XP
 D = Non-vault monster count
 E = Vault monster count
 F = Vault count percentage of total count
                 A         B        C        D         E       F
            +---------+---------+-------+---------+---------+-------
      Total |   10728 |    4089 |  27.6 |     239 |      37 |  13.4
            +---------+---------+-------+---------+---------+-------
        D:1 |      46 |       0 |   0.0 |      19 |       0 |   0.0
        D:2 |     185 |      35 |  15.9 |      30 |       1 |   3.2
        D:3 |     104 |     134 |  56.3 |      30 |       8 |  21.1
        D:4 |     641 |     479 |  42.8 |      31 |       5 |  13.9
        D:5 |     864 |     281 |  24.5 |      19 |       1 |   5.0
        D:6 |     324 |       0 |   0.0 |      10 |       0 |   0.0
        D:7 |    1247 |    1168 |  48.4 |      25 |       3 |  10.7
        D:8 |    1398 |    1057 |  43.1 |      16 |      14 |  46.7
        D:9 |    3558 |       0 |   0.0 |      39 |       0 |   0.0
       D:10 |    2361 |     935 |  28.4 |      20 |       5 |  20.0
            +---------+---------+-------+---------+---------+-------
